[Event "World U20-ch22"]
[Site "Belfort"]
[Date "1983.08.14"]
[Round "3"]
[White "Milos, Gilberto"]
[Black "Hector, Jonny"]
[Result "1/2-1/2"]
[ECO "D18"]
[WhiteElo "2380"]
[BlackElo "2300"]
[Annotator "Bulletin/Primel,D"]
[PlyCount "86"]
[EventDate "1983.08.12"]
[EventType "swiss"]
[EventRounds "13"]
[EventCountry "FRA"]
[SourceTitle "EXT 2016"]
[Source "ChessBase"]
[SourceDate "2015.10.08"]
[SourceVersion "1"]
[SourceVersionDate "2015.10.08"]
[SourceQuality "1"]
[TimeControl "40/9000:16/5400:0"]

1. Nf3 d5 2. c4 c6 {Le suédois est un bon connaisseur de la défense Slave} 3.
d4 (3. e3 $5 Nf6 4. Nc3 (4. b3)) 3... Nf6 4. Nc3 dxc4 5. a4 Bf5 6. e3 (6. Ne5)
6... e6 7. Bxc4 Bb4 8. O-O Nbd7 9. Bd2 {Une ligne secondaire assez passive} (9.
Qe2) 9... Qe7 (9... O-O 10. Ne4 {Milos,G (2597)-Coelho,L (2392) Mario Covas
10th 2011 (4) 1/2-1/2}) (9... Qa5) 10. a5 O-O 11. Qb3 Bd6 12. Ne2
(12. Rfe1 Ne4) 12... Be4 13. Ng3 c5 14. Nxe4 Nxe4 15. Qxb7 Nxd2
16. Nxd2 cxd4 17. exd4 Rab8 18. Qxa7 Rxb2 19. Nf3 Rc8 20. Ra2 Rxa2
21. Bxa2 Ne5 22. Qxe7 Nxf3+ 23. gxf3 Bxe7 24. Rb1 (24. Ra1 )
24... Ra8 25. d5 exd5 26. Rb7 Bd8 (26... Bf8 27. Rb5 d4 28. Kf1 d3 29. Ke1 Rxa5
$1 ) 27. Bxd5 Rxa5 28. Bb3 Kf8 29. Rxf7+ Ke8 30. Rb7 Bf6 31. f4 (31. Kf1) 31... Rf5 32. Ba4+ Kf8 33. Rb4 g5 34. Rb8+ Ke7 35.
fxg5 Rxg5+ 36. Kf1 Rh5 37. Rb7+ (37. Kg2) 37... Kd6 38. Kg2 Rg5+ 39. Kf3 Rf5+
40. Ke4 Rxf2 41. Rxh7 Be5 42. Rh6+ Rf6 43. Rh4 Rf4+ 1/2-1/2

[Event "EU-ch 12th"]
[Site "Aix les Bains"]
[Date "2011.03.22"]
[Round "1"]
[White "Fressinet, Laurent"]
[Black "Thorfinnsson, Bragi"]
[Result "1/2-1/2"]
[ECO "D18"]
[WhiteElo "2693"]
[BlackElo "2417"]
[Annotator "Marchand,A/Primel,D"]
[PlyCount "69"]
[EventDate "2011.03.22"]
[EventType "swiss"]
[EventRounds "11"]
[EventCountry "FRA"]
[SourceTitle "CBM 142 Extra"]
[Source "ChessBase"]
[SourceDate "2011.06.27"]
[SourceVersion "1"]
[SourceVersionDate "2011.06.27"]
[SourceQuality "1"]
[TimeControl "40/5400+30:1800+30"]

1. d4 d5 2. Nf3 Nf6 3. c4 c6 4. Nc3 dxc4 5. a4 Bf5 6. Nh4 (6. e3 e6 7. Bxc4 Bb4
8. O-O O-O (8... Nbd7 9. Qe2 Bg6 10. e4 (10. Na2 Bd6 11. Nc3 O-O 12. e4 e5 {
Mikenas,V-Smyslov,V URS-ch13 Moscow 1944 (1) 0-1}) 10... Bxc3 11. bxc3 Nxe4 12.
Ba3 $44) 9. Nh4 Nbd7) (6. Ne5 e6 7. f3) 6... e6 (6... Bc8 {Cornette,M (2548)
-Geenen,M (2289) EU-ch 12th Aix-Les-Bains 2011 (4) 1-0}) (6... Bg4) 7. Nxf5
exf5 8. e3 Bb4 9. Bxc4 O-O 10. O-O Nbd7 11. f3 (11. Qc2 {La grande ligne} g6
12. f3 Rc8 13. Kh1 c5 14. Ba2 Nb6 15. dxc5 Rxc5 16. e4 Qe7 17. Qb3 Ra5 {
Moiseenko,A (2649)-Swathi,G (2379) Quebec-ch op 2006 (4) 1-0} (17... Ba5 $5 {
Vigorito})) 11... Nb6 (11... g6 $142 12. Qc2 (12. Na2 Bd6 13. Bd2) 12... a5)
12. Bb3 Qe7 (12... Qd7 13. a5 $14 ) 13. Qd3 $1 g6 (13... a5 14.
Qxf5 Rad8) 14. a5 $14 Nbd5 15. a6 $1 Rad8 $146 (
15... Rab8 16. e4 $14 {Zierke,O (2313)-Brauer,C (2132) Berlin Unicorn op 2007 
(4) 0-1}) 16. e4 (16. axb7 Qxb7) 16... Nc7 17. axb7 (17. Be3
Nxa6) 17... Rxd4 $1 {[%csl Rg1][%cal Gb4c5,Gc5g1] La pointe} 18. Qe2 $2 (18.
Qc2 $142 Bc5 19. Kh1 Rb4 20. exf5 {C'est la différence entre
les deux variantes car les Noirs n'ont pas gagné un tempo en jouant Rb4}) 18...
Bc5 $132 19. Kh1 Rb4 20. Ba2 (20. Qc2) 20... Nh5 21. g3
Rxb7 22. exf5 Qxe2 23. Nxe2 Re8 24. Nc3 gxf5 25. g4 Nf6 26. Bg5 Nfd5 27. gxf5
Nxc3 28. bxc3 Rb2 29. Bc4 Nd5 30. Bh6 f6 31. Ra4 Kf7 32. Rd1 Re5 33. Bf4 Rxf5
34. Bg3 Bb6 35. Raa1 1/2-1/2

[Event "Sautron op 13th"]
[Site "Sautron"]
[Date "2013.10.29"]
[Round "5"]
[White "Le Roux, Jean Pierre"]
[Black "Avrukh, Boris"]
[Result "1/2-1/2"]
[ECO "D18"]
[WhiteElo "2571"]
[BlackElo "2576"]
[Annotator "Primel,D"]
[PlyCount "50"]
[EventDate "2013.10.26"]
[EventType "swiss"]
[EventRounds "9"]
[EventCountry "FRA"]
[SourceTitle "EXT 2014"]
[Source "ChessBase"]
[SourceDate "2013.11.20"]
[SourceVersion "1"]
[SourceVersionDate "2013.11.20"]
[SourceQuality "1"]
[TimeControl "40/5400+30:1800+30"]
[WhiteClock "1:30:00"]
[BlackClock "1:30:00"]

1. d4 d5 2. Nf3 Nf6 3. c4 c6 4. Nc3 dxc4 (4... a6) (4... e6) 5. a4 (5. e3 b5
6. a4 b4 7. Na2 (7. Nb1)) 5... Bf5 6. e3 (6.
Ne5) (6. Nh4) 6... e6 7. Bxc4 (7. a5) 7...
Nbd7 $5 {[%emt 0:00:50] Une petite surprise car Bb4 est la grande ligne jouée
habituellement par l'israélien mais sans le coup 8.a5, la partie pouvait
encore transposer dans la ligne principale} (7... Bb4 8. O-O) 8. a5 $5 {
[%emt 0:08:32][%csl Rb7][%cal Gd1b3] Le guingampais choisit une ligne
secondaire face au théoricien mais ce n'était peut-être pas une
préparation maison car il a dépensé près de 10 mns sur ce coup.
L'intérêt de la variante est de menacer Qb3 et après Bb4, les Noirs
n'auront plus la défense a7a5} (8. O-O {La grande ligne de la variante
hollandaise} Bb4 {Transposant dans la grande ligne} 9. Qe2 O-O 10. e4 Bg6 11.
Bd3 Bh5 12. e5 Nd5 13. Nxd5 cxd5 14. Qe3 Be7 15. Ng5 Bxg5 16. Qxg5 Bg6 17. Be2
Qxg5 18. Bxg5 Nb8 19. Rfc1 Nc6 20. Be3 Rfc8 21. Rc3 Nb4 22. Raa3 a5 23. Bb5
Rab8 24. Kf1 Kf8 25. Bd2 Nc6 26. Bxc6 bxc6 27. Rc1 Rxb2 28. Bxa5 Ke8 29. Be1
Kd7 30. a5 Kc7 31. h3 Kb7 32. f3 Rb5 33. Kg1 Ka6 34. Rac3 Kb7 35. Ra3 Ka6 36.
Rac3 Kb7 {1/2-1/2 (36) Edouard,R (2653)-Akopian,V (2681) Warsaw 2013}) 8... Bd6 (8... b5) (8... Bb4 9. Qb3 (9. Qa4 $5 {Carlsen,M 
(2802)-Caruana,F (2709) Wch Blitz 5th 2010 (26) 1-0}) 9... Qe7 (9... Bxa5 10.
Qxb7) 10. O-O O-O 11. Ra4 $14) 9. O-O O-O 10.
h3 (10. Qe2 Ne4 (10... e5 11. e4 Bg4 12. d5 c5 $6 (12... cxd5)
13. h3 {Kluss,K (2225)-Meduna,E (2485) Wuerzburger op 5th 1989 (4) 1/2} (13. a6
b6 14. Nb5 $36 )) 11. Nxe4 Bxe4 12. Nd2 Bg6 13. f4 Bb4 14. Nb3 {
Uhlmann,W (2525)-Horvath,C (2425) Barcza Memorial 1987 (3) 1/2} (14. a6 $5 )) (10. Re1 Ne4 11. Bd3 Nxc3 12. bxc3 Bxd3 13.
Qxd3 e5 14. e4 {Sokolov,I (2669)-Solak,D (2590) SRB-chT Cup Sombor 2009 (3) 1/2
}) 10... h6 11. Re1 Bb4 $146 (11... Bc7 12. e4 Bg6 13. b4 e5 14. d5 cxd5 15. Bxd5
Nxd5 16. Nxd5 Nf6 17. Nxc7 Qxc7 18. Bb2 Rad8 19. Qb3 Rfe8 20. Rac1 Qb8 21. Rc5
Nxe4 22. Rxe5 Rxe5 23. Nxe5 Qd6 24. Nxg6 Qxg6 25. Qe3 Nd2 26. Bc1 Rd3 27. Qe8+
Kh7 28. Bxd2 Rxd2 29. Qb8 Qa6 30. Qf4 Rb2 31. Qxf7 Qd6 32. Qxb7 Rxb4 33. Qxa7
Rb5 34. Qa8 Qd4 35. g3 Rf5 36. Rf1 Qa4 37. a6 Ra5 38. Qc8 Rxa6 39. Qf5+ Kh8 40.
Rc1 Ra8 41. Rc8+ {Uhlmann,W (2525)-Meduna,E (2515) Debrecen 1987 1/2-1/2 (62)})
12. a6 $5 {[%emt 0:06:23][%csl Ra7,Rb7] Un coup utile en finale} (12. Qb3 $5
Bxa5 13. Qxb7 c5 (13... Rb8 14. Qxc6) 14. Qa6) 12... bxa6 (
12... b6 $143 $6 13. Qb3 Qe7 14. e4) 13. Rxa6 c5 14. Bd2 Qc8 $1 15. Be2 (15. Bf1) (15. Qe2 ) 15... Qb7 16. Nh4 (16. Qb3 Rfb8) 16... Be4 17. Nxe4 (17. Qa4 Nb6) 17... Nxe4 $1 18. Bxb4 Qxb4 19. Nf3 Qxb2 20. Qa1
$44 Qb7 (20... Qxa1 21. Rexa1 cxd4 22. Nxd4)
21. Ne5 cxd4 22. exd4 Nxe5 23. dxe5 Nc5 $1 24. Ra3 Rad8 25. Rxa7 Qb4 1/2-1/2